 Dungeon Sprint DCSS version 0.29-a0-512-gf59ac788ac (webtiles) character file.

Game seed: 8132631641228654789

37545820 mhtbhm the Axe Maniac (level 18, 180/180 HPs)
             Began as a Minotaur Berserker on May 28, 2022.
             Was a High Priest of Trog.
             Escaped with the Orb
             ... and 10 runes on May 29, 2022!
             The game lasted 00:47:30 (16967 turns).

mhtbhm the Axe Maniac (Minotaur Berserker)         Turns: 16967, Time: 00:47:31

Health: 180/180    AC: 37    Str: 39    XL:     18   Next: 77%
Magic:  26/26      EV: 28    Int:  4    God:    Trog [*****.]
Gold:   4621       SH: 33    Dex: 21    Spells: 17/17 levels left

rFire   + . .      SeeInvis +   a - +8 broad axe "Acuzyol" {vorpal, rC+ Dex+4}
rCold   + + +      Faith    .   c - +6 tower shield {reflect}
rNeg    + + +      Spirit   .   b - +1 plate armour {rN+}
rPois   +          Reflect  +   s - +2 hat {Will+}
rElec   +          Harm     .   E - +2 cloak of Philately {Will- Regen+ Dex+6}
rCorr   .          Rampage  .   x - +3 pair of gauntlets of War {Slay+5}
Will    +....      Clarity  +   D - +1 pair of boots of Purpose {rPois rF+ rC++ Str+4}
Stlth   +......... NoTele   +   f - amulet "Ymuleul" {rElec Regen+ Slay+2}
HPRegen 2.00/turn               t - ring "Atotsuf" {rN++ MP+9 SInv Stlth-}
MPRegen 0.20/turn               Y - +6 ring of strength

@: no status effects
A: horns 2, retaliatory headbutt, clarity, frail 1, screaming 2, evolution 1
0: Orb of Zot
}: 10/10 runes: decaying, serpentine, slimy, silver, golden, iron, obsidian,
icy, bone, demonic
a: Renounce Religion, Berserk, Trog's Hand, Brothers in Arms


You escaped.
You worshipped Trog.
Trog was extremely pleased with you.
You visited 1 branch You collected 7571 gold pieces.
You spent 2950 gold pieces at shops.

Inventory:

Hand Weapons
 a - the +8 broad axe "Acuzyol" (weapon) {vorpal, rC+ Dex+4}
   (Trog gifted it to you in the Dungeon)

   It inflicts extra damage upon your enemies.
   Dex:       It affects your dexterity (+4).
   rC:        It protects you from cold.
 q - a +5 vampiric broad axe
 w - the +4 executioner's axe "Venavas" {flame, Fly rF+ SInv}
   (Trog gifted it to you in the Dungeon)

   It burns those it strikes, dealing additional fire damage.
   Big, fiery blades are also staple armaments of hydra-hunters.
   rF:        It protects you from fire.
   SInv:      It lets you see invisible.
   Fly:       It grants you flight.
 C - the +9 battleaxe "Naghuaf" {vorpal, Fragile +Blink rElec rC++}
   (Trog gifted it to you in the Dungeon)

   It inflicts extra damage upon your enemies.
   rC:        It greatly protects you from cold.
   rElec:     It insulates you from electricity.
   +Blink:    It lets you blink.
   Fragile:   It will be destroyed if unequipped.
 R - a +9 trishula of holy wrath
Missiles
 e - 2 silver boomerangs (quivered)
 p - a curare-tipped dart
 y - 14 silver javelins
 X - 4 javelins
Armour
 b - a +1 plate armour of positive energy (worn)
 c - a +6 tower shield of reflection (worn)
 s - a +2 hat of willpower (worn)
 v - the +4 dragonskin cloak
   (You took it off Tiamat in the Dungeon)

   It grants the wearer a chance to resist fire, cold, poison, electricity,
   acid, and negative energy.
 x - the +3 pair of gauntlets of War (worn) {Slay+5}
   (You acquired it in the Dungeon)

   Slay:      It affects your accuracy & damage with ranged weapons and melee
   (+5).
 D - the +1 pair of boots of Purpose (worn) {rPois rF+ rC++ Str+4}
   (You acquired it in the Dungeon)

   Str:       It affects your strength (+4).
   rF:        It protects you from fire.
   rC:        It greatly protects you from cold.
   rPois:     It protects you from poison.
 E - the +2 cloak of Philately (worn) {Will- Regen+ Dex+6}
   (You bought it in a shop in the Dungeon)

   Dex:       It affects your dexterity (+6).
   Regen:     It increases your rate of health regeneration.
   Will:      It decreases your willpower.
 G - the +3 pair of gloves of the Delicate God {rElec Str+4 Dex+4}
   (You acquired it in the Dungeon)

   Str:       It affects your strength (+4).
   Dex:       It affects your dexterity (+4).
   rElec:     It insulates you from electricity.
Jewellery
 f - the amulet "Ymuleul" (around neck) {rElec Regen+ Slay+2}
   (You acquired it in the Dungeon)

   [amulet of regeneration]

   Slay:      It affects your accuracy & damage with ranged weapons and melee
   (+2).
   rElec:     It insulates you from electricity.
   Regen:     It increases your rate of health regeneration.
 t - the ring "Atotsuf" (left hand) {rN++ MP+9 SInv Stlth-}
   (You bought it in a shop in the Dungeon)

   [ring of magical power]

   rN:        It greatly protects you from negative energy.
   MP:        It affects your magic capacity (+9).
   SInv:      It lets you see invisible.
   Stlth:     It makes you less stealthy.
 A - a ring of protection from cold
 H - a ring of protection from fire
 I - a ring of protection from fire
 L - a ring of flight
 P - the ring of the Flying Jester {Will+ MP+9 Dex+6}
   (You found it in the Dungeon)

   [ring of magical power]

   Dex:       It affects your dexterity (+6).
   MP:        It affects your magic capacity (+9).
   Will:      It increases your willpower.
 V - a +4 ring of protection
 Y - a +6 ring of strength (right hand)
Wands
 k - a wand of acid (21)
 n - a wand of charming (5)
 r - a wand of iceblast (5)
 J - a wand of digging (5)
 K - a wand of mindburst (17)
Scrolls
 h - a scroll of blinking
 F - 7 scrolls of identify
 N - 3 scrolls of silence
Potions
 d - 4 potions of heal wounds
 g - 2 potions of berserk rage
 i - 13 potions of curing
 l - 3 potions of attraction
 m - 7 potions of flight
 u - 4 potions of haste
 O - 2 potions of resistance
 U - a potion of invisibility
Miscellaneous
 o - a lightning rod (4/4)
 z - a phantom mirror
 B - a condenser vane
 M - a box of beasts
 Q - the horn of Geryon
 S - a tin of tremorstones (2/2)


   Skills:
 O Level 27 Fighting
 O Level 27 Axes
 * Level 10.9(20.5) Polearms
 + Level 22.1 Throwing
 O Level 27 Armour
 + Level 26.7 Dodging
 + Level 21.5 Stealth
 O Level 27 Shields
 O Level 27 Evocations


You had 17 spell levels left.
You didn't know any spells.
Your spell library was empty.

Dungeon Overview and Level Annotations

Branches:
Dungeon (1/1)

Altars:
Cheibriados
Dithmenos
Elyvilon
Fedhas
Gozag
Hepliaklqana
Kikubaaqudgha
Makhleb
Nemelex Xobeh
Okawaru
Qazlal
Ru
Sif Muna
Trog
Uskayaw
Vehumet
Wu Jian
Xom
Yredelemnul
Zin
The Shining One
Beogh
Jiyva
Lugonu

Shops:
D =?[[[?:[!![[(=[([?::[!=


Innate Abilities, Weirdness & Mutations

You have a pair of horns on your head.
You reflexively headbutt those who attack you in melee.
You possess an exceptional clarity of mind.
You are frail. (-10% HP)
You frequently scream uncontrollably at your foes.
You have hidden genetic potential.


Message History

The demonspawn corrupter calls forth creatures from the Elven Halls!
The white draconian stormcaller prays to Qazlal.
The white draconian stormcaller mumbles some strange prayers to Qazlal.
Unknown command.
You slash the white draconian stormcaller!
You headbutt the white draconian stormcaller!!
The white draconian stormcaller is heavily wounded.
You closely miss the deep elf high priest.
You closely miss the rime drake. You slash the vault sentinel!
You hit the war gargoyle. You slice the demonspawn corrupter!!
The vault sentinel disappears in a puff of smoke!
The war gargoyle disappears in a puff of smoke!
The vault sentinel gestures at you while chanting.
You barely resist.
You hit the white draconian stormcaller.
You headbutt the white draconian stormcaller!
The white draconian stormcaller is heavily wounded.
You slash the demonspawn corrupter!
You kill the demonspawn corrupter!
Trog accepts your kill.
The white draconian stormcaller disappears in a puff of smoke!
The rime drake disappears in a puff of smoke!
The swamp drake disappears in a puff of smoke!
The vault sentinel disappears in a puff of smoke!
The white draconian stormcaller disappears in a puff of smoke!
The komodo dragon disappears in a puff of smoke! x2
The deep elf high priest disappears in a puff of smoke! x2
Your Throwing skill increases to level 22!
You see here a +0 chain mail.
An Orb Guardian comes into view.
You block the Orb Guardian's attack.
You slice the Orb Guardian!! You headbutt the Orb Guardian!
The Orb Guardian is severely wounded.
The Orb Guardian completely misses you. You furiously retaliate!
You headbutt the Orb Guardian!! You slice the Orb Guardian!!
You kill the Orb Guardian!
Trog accepts your kill.
There is a staircase leading out of the dungeon here.
You have escaped!

▓▓▓▓▓▓▓▓▓ ▓▓
▓@..#...#### ##.
▓...#......#####..
▓..##....[..#..#..
▓##.##.##...#..#..
##.##.###..##'#..
▓#.####.##..###...
▓.###..##..####...
▓#.....##..###....
###[.##...##...).


There were no monsters in sight!

Vanquished Creatures
  Antaeus (D)
  the Royal Jelly (D)
  Gloorx Vloq (D)
  Dispater (D)
  the Serpent of Hell (D)
  Khufu (D)
  An orb of fire (D)
  An ancient lich (D)
  Mara (D)
  Mennas (D)
  7 royal mummies (D)
  Boris (D)
  Frederick (D)
  A Killer Klown (D)
  Geryon (D)
  Nikola (D)
  Nellie (D)
  An electric golem (D)
  A Brimstone Fiend (D)
  An iron giant (D)
  2 liches (D)
  4 Hell Sentinels (D)
  3 Orb Guardians (D)
  5 Ice Fiends (D)
  Rupert (D)
  A titan (D)
  2 deep elf blademasters (D)
  A quicksilver dragon (D)
  4 acid blobs (D)
  Gastronok (D)
  An Executioner (D)
  An ancient champion (D)
  2 sphinxes (D)
  Chuck (D)
  3 shadow dragons (D)
  A nagaraja (D)
  A storm dragon (D)
  Dowan (D)
  Roxanne (D)
  8 azure jellies (D)
  2 frost giants (D)
  3 rockslimes (D)
  3 fire giants (D)
  An iron dragon (D)
  2 draconian scorchers (D)
  3 ghost moths (D)
  2 draconian shifters (D)
  2 draconian stormcallers (D)
  A demonspawn corrupter (D)
  6 quicksilver oozes (D)
  4 war gargoyles (D)
  4 stone giants (D)
  2 vampire knights (D)
  A deep elf demonologist (D)
  Nessos (D)
  A yellow draconian (D)
  Azrael (D)
  2 dire elephants (D)
  2 deep elf annihilators (D)
  Snorg (D)
  A fire dragon (D)
  A deep elf death mage (D)
  2 iron golems (D)
  9 mummy priests (D)
  A deep elf high priest (D)
  3 hydras (D)
  3 yaktaur captains (D)
  18 vault guards (D)
  3 ice dragons (D)
  2 hell beasts (D)
  An ogre mage (D)
  4 anacondas (D)
  3 centaur warriors (D)
  2 iron elementals (D)
  4 dancing weapons (D)
  A naga warrior (D)
  4 death yaks (D)
  Urug (D)
  A titan zombie (D)
  2 soul eaters (D)
  4 hell knights (D)
  2 sun demons (D)
  6 skeletal warriors (D)
  3 deep elf knights (D)
  A shadow wraith (D)
  A spriggan druid (D)
  An anaconda zombie (D)
  A death drake (D)
  3 kraken simulacra (D)
  A shadow demon (D)
  A cherub (D)
  A spectral iron dragon (D)
  A glowing orange brain (D)
  An orb spider (shapeshifter) (D)
  An orange crystal statue (D)
  2 obsidian statues (D)
  4 deep elf pyromancers (D)
  2 orc knights (D)
  A lindwurm (D)
  A deep elf zephyrmancer (D)
  4 ugly things (D)
  2 oklob plants (D)
  4 crystal guardians (D)
  An orc sorcerer (D)
  A moth of wrath (D)
  A shining eye (shapeshifter) (D)
  3 shining eyes (D)
  2 elephants (D)
  6 black mambas (D)
  A guardian serpent (D)
  3 rust devils (D)
  A molten gargoyle (D)
  Duvessa (D)
  2 cane toads (D)
  2 unseen horrors (D)
  6 hellions (D)
  A komodo dragon (shapeshifter) (D)
  A komodo dragon (D)
  An anaconda simulacrum (D)
  2 ice devils (D)
  A rime drake (D)
  13 yaktaurs (D)
  29 guardian mummies (D)
  A queen bee (D)
  4 spriggan defenders (D)
  3 hornets (D)
  12 slime creatures (D)
  8 statues (D)
  2 tyrant leeches (D)
  8 blink frogs (D)
  3 wandering mushrooms (D)
  10 shadows (D)
  2 spriggans (D)
  3 redbacks (D)
  A golden eye (D)
  2 nagas (D)
  A spatial vortex (D)
  4 iron troll simulacra (D)
  A hydra simulacrum (D)
  6 floating eyes (D)
  4 water moccasins (D)
  A swamp drake (D)
  An orc warrior (D)
  2 black mamba simulacra (D)
  2 centaurs (D)
  An earth elemental (D)
  A necrophage (D)
  A water elemental (D)
  32 killer bees (D)
  6 electric eels (D)
  10 quasits (D)
  A jelly (D)
  6 orc priests (D)
  4 orc wizards (D)
  A wizard (D)
  2 necromancers (D)
  A polar bear simulacrum (D)
  A wolf simulacrum (D)
  3 humans (D)
  A kobold demonologist (D)
  5 adders (D)
  2 swamp drake simulacra (D)
  A phantom (D)
  9 orcs (D)
  2 endoplasms (D)
  2 rats (D)
  3 bushes (D)
  7 butterflies (D)
  6 plants (D)
  2 tentacles (D)
497 creatures vanquished.

Vanquished Creatures (collateral kills)
  Tiamat (D)
  A deep elf master archer (D)
  An acid blob (D)
  An azure jelly (D)
  A rockslime (D)
  A quicksilver ooze (D)
  A deep elf annihilator (D)
  A shadow demon (D)
  2 shadows (D)
  A quasit (D)
11 creatures vanquished.

Vanquished Creatures (others)
  A statue (D)
  A yaktaur (D)
  4 ball lightnings (D)
  4 ballistomycete spores (D)
  46 plants (D)
  6 tentacles (D)
62 creatures vanquished.

Grand Total: 570 creatures vanquished

Notes
Turn   | Place    | Note
-------+----------+-------------------------------------------
     0 | D        | mhtbhm the Minotaur Berserker began the quest for the Orb.
     0 | D        | Reached XP level 1. HP: 19/19 MP: 0/0
    61 | D        | Reached ** piety under Trog
    92 | D        | Reached XP level 2. HP: 11/28 MP: 1/1
    95 | D        | Reached skill level 5 in Fighting
    95 | D        | Reached skill level 5 in Axes
   139 | D        | Gained mutation: You are strong-willed. (Will+) [potion of
                  | mutation]
   139 | D        | Gained mutation: You occasionally shout uncontrollably at
                  | your foes. [potion of mutation]
   139 | D        | Gained mutation: Your muscles are strong. (Str +2) [potion
                  | of mutation]
   313 | D        | Noticed a water elemental
   317 | D        | Killed a water elemental
   317 | D        | Reached *** piety under Trog
   318 | D        | Reached skill level 1 in Stealth
   318 | D        | Reached XP level 3. HP: 39/39 MP: 2/2
   318 | D        | Reached XP level 4. HP: 47/47 MP: 3/3
   351 | D        | Found a basalt altar of Yredelemnul.
   351 | D        | Found a shadowy altar of Dithmenos.
   351 | D        | Found a sacrificial altar of Ru.
   351 | D        | Noticed a necrophage
   364 | D        | Killed a necrophage
   365 | D        | Reached XP level 5. HP: 32/56 MP: 4/4
   498 | D        | Found a radiant altar of Vehumet.
   498 | D        | Found a shimmering blue altar of Sif Muna.
   498 | D        | Found an ancient bone altar of Kikubaaqudgha.
   502 | D        | Reached **** piety under Trog
   503 | D        | Reached skill level 5 in Armour
   504 | D        | Noticed a chaos spawn
   545 | D        | Found a hide-covered altar of Uskayaw.
   545 | D        | Found an iron altar of Okawaru.
   545 | D        | Found a bloodstained altar of Trog.
   545 | D        | Found an ornate altar of the Wu Jian Council.
   545 | D        | Noticed a human
   545 | D        | Noticed a human
   546 | D        | Found a glowing silver altar of Zin.
   546 | D        | Found a glowing golden altar of the Shining One.
   546 | D        | Found a white marble altar of Elyvilon.
   546 | D        | Noticed a deep elf pyromancer
   550 | D        | Killed a deep elf pyromancer
   551 | D        | Reached skill level 5 in Dodging
   551 | D        | Reached XP level 6. HP: 69/69 MP: 5/5
   551 | D        | Reached XP level 7. HP: 75/75 MP: 6/6
   553 | D        | Killed a human
   553 | D        | Reached ***** piety under Trog
   560 | D        | Killed a human
   671 | D        | Noticed a shadow
   687 | D        | Killed a shadow
   688 | D        | Reached XP level 8. HP: 48/85 MP: 7/7
   901 | D        | Found a blossoming altar of Fedhas.
   901 | D        | Found a stormy altar of Qazlal.
   901 | D        | Found a snail-covered altar of Cheibriados.
   901 | D        | Found a burning altar of Makhleb.
   901 | D        | Found a shimmering altar of Xom.
   902 | D        | Found a hazy altar of Hepliaklqana.
   902 | D        | Found an opulent altar of Gozag.
   902 | D        | Found a sparkling altar of Nemelex Xobeh.
   902 | D        | Found a corrupted altar of Lugonu.
   902 | D        | Found a viscous altar of Jiyva.
   979 | D        | Noticed Snorg
  1035 | D        | Killed Snorg
  1131 | D        | Reached skill level 15 in Axes
  1139 | D        | Noticed a centaur warrior
  1144 | D        | Reached XP level 9. HP: 96/96 MP: 8/8
  1144 | D        | Received a gift from Trog
  1145 | D        | Reached skill level 5 in Stealth
  1145 | D        | Killed a centaur warrior
  1146 | D        | Reached skill level 15 in Fighting
  1146 | D        | Reached skill level 10 in Armour
  1268 | D        | Killed an unseen horror
  1283 | D        | Killed an unseen horror
  1333 | D        | Noticed a wandering mushroom
  1337 | D        | Noticed a wandering mushroom
  1339 | D        | Noticed a wandering mushroom
  1349 | D        | Killed a wandering mushroom
  1352 | D        | Received a gift from Trog
  1369 | D        | Noticed a cane toad
  1369 | D        | Noticed a komodo dragon
  1369 | D        | Noticed a cane toad
  1374 | D        | Killed a cane toad
  1375 | D        | Reached XP level 10. HP: 63/107 MP: 9/9
  1379 | D        | Killed a cane toad
  1530 | D        | Noticed a lindwurm
  1534 | D        | Killed a lindwurm
  1534 | D        | Reached ****** piety under Trog
  1699 | D        | Noticed Urug
  1702 | D        | Killed Urug
  1731 | D        | Received a gift from Trog
  1819 | D        | Received a gift from Trog
  1820 | D        | Reached skill level 1 in Evocations
  1820 | D        | Received a gift from Trog
  1822 | D        | Reached XP level 11. HP: 87/117 MP: 10/10
  1826 | D        | Identified the +8 broad axe "Acuzyol" {vorpal, rC+ Dex+4}
                  | (Trog gifted it to you in the Dungeon)
  1826 | D        | Received a gift from Trog
  2041 | D        | Noticed an orc knight
  2042 | D        | Noticed an orc sorcerer
  2044 | D        | Received a gift from Trog
  2049 | D        | Found Puelycwacw's Armour Emporium.
  2051 | D        | Killed an orc sorcerer
  2053 | D        | Killed an orc knight
  2053 | D        | Received a gift from Trog
  2054 | D        | Reached skill level 10 in Dodging
  2059 | D        | Received a gift from Trog
  2165 | D        | Noticed a deep elf knight
  2165 | D        | Noticed a deep elf zephyrmancer
  2165 | D        | Noticed a deep elf pyromancer
  2165 | D        | Noticed a deep elf pyromancer
  2165 | D        | Noticed a deep elf pyromancer
  2174 | D        | Killed a deep elf pyromancer
  2175 | D        | Noticed a deep elf annihilator
  2179 | D        | Noticed a deep elf annihilator
  2180 | D        | Killed a deep elf pyromancer
  2181 | D        | Noticed a deep elf death mage
  2183 | D        | Killed a deep elf knight
  2183 | D        | Received a gift from Trog
  2183 | D        | Killed a deep elf zephyrmancer
  2184 | D        | Killed a deep elf pyromancer
  2337 | D        | Noticed Dowan
  2337 | D        | Noticed Duvessa
  2345 | D        | Killed Dowan
  2345 | D        | Received a gift from Trog
  2355 | D        | Killed Duvessa
  2724 | D        | Noticed an obsidian statue
  2733 | D        | Killed an obsidian statue
  2765 | D        | Noticed a crystal guardian
  2765 | D        | Noticed a crystal guardian
  2765 | D        | Noticed a crystal guardian
  2765 | D        | Noticed a crystal guardian
  2769 | D        | Killed a crystal guardian
  2772 | D        | Killed a crystal guardian
  2773 | D        | Killed a crystal guardian
  2773 | D        | Received a gift from Trog
  2778 | D        | Killed a crystal guardian
  2811 | D        | Found Heogg's Magic Scroll Emporium.
  2811 | D        | Found Wachoest's Antique Weapon Boutique.
  2811 | D        | Found Jaecae's Jewellery Shoppe.
  2811 | D        | Found Wait's Armour Boutique.
  2811 | D        | Found Wanwimp's Book Emporium.
  2811 | D        | Found Ydamid's Antique Armour Shoppe.
  2811 | D        | Found Loan's Distillery.
  2811 | D        | Found Nel Him's Jewellery Shop.
  2811 | D        | Found Cufo's Antique Armour Emporium.
  2811 | D        | Found Pekot's Antique Weapon Emporium.
  2811 | D        | Found Vukoahacs's Book Boutique.
  2843 | D        | Bought a glowing buckler for 142 gold pieces
  2851 | D        | Bought a +2 hat for 176 gold pieces
  2858 | D        | Bought the ring "Atotsuf" {rN++ MP+9 SInv Stlth-} for 483
                  | gold pieces
  2864 | D        | Bought 2 scrolls of identify for 52 gold pieces
  2864 | D        | Bought a scroll of magic mapping for 45 gold pieces
  2878 | D        | Bought a potion of curing for 30 gold pieces
  2878 | D        | Bought a potion of curing for 30 gold pieces
  2878 | D        | Bought a potion of curing for 30 gold pieces
  2993 | D        | Reached XP level 12. HP: 130/130 MP: 11/11
  3110 | D        | Identified the +1 chain mail "Sawni" {Rampage *Slow +Blink}
  3159 | D        | Identified the +5 battleaxe of the Endless March {vorpal,
                  | rPois Will- Dex+3} (Trog gifted it to you in the Dungeon)
  3159 | D        | Received a gift from Trog
  3202 | D        | Noticed a centaur warrior
  3207 | D        | Killed a centaur warrior
  3217 | D        | Noticed a fire dragon
  3225 | D        | Killed a fire dragon
  3272 | D        | Reached skill level 15 in Armour
  3272 | D        | Received a gift from Trog
  3275 | D        | Reached skill level 1 in Shields
  3346 | D        | Noticed a yaktaur captain
  3350 | D        | Killed a yaktaur captain
  3389 | D        | Noticed an iron golem
  3413 | D        | HP: 8/204 [iron golem (31)]
  3415 | D        | Killed an iron golem
  3824 | D        | Received a gift from Trog
  3825 | D        | Reached skill level 5 in Evocations
  4105 | D        | Noticed a lich
  4122 | D        | Killed a lich
  4123 | D        | Reached XP level 13. HP: 23/145 MP: 12/12
  4685 | D        | Received a gift from Trog
  4741 | D        | Noticed Rupert
  4749 | D        | Killed Rupert
  4952 | D        | Noticed an azure jelly
  4952 | D        | Noticed an azure jelly
  4956 | D        | Reached skill level 1 in Throwing
  4956 | D        | Received a gift from Trog
  4995 | D        | Noticed an azure jelly
  4995 | D        | Noticed an azure jelly
  4997 | D        | Noticed a dire elephant
  4997 | D        | Noticed a dire elephant
  4997 | D        | Noticed Gastronok
  5006 | D        | Killed a dire elephant
  5009 | D        | Killed a dire elephant
  5014 | D        | Reached skill level 5 in Shields
  5019 | D        | Killed Gastronok
  5019 | D        | Received a gift from Trog
  5168 | D        | Killed an azure jelly
  5171 | D        | Killed an azure jelly
  5175 | D        | Killed an azure jelly
  5177 | D        | Killed an azure jelly
  5299 | D        | Identified the +4 executioner's axe "Venavas" {flame, Fly
                  | rF+ SInv} (Trog gifted it to you in the Dungeon)
  5299 | D        | Received a gift from Trog
  5337 | D        | Received a gift from Trog
  5391 | D        | Received a gift from Trog
  5402 | D        | Noticed a nagaraja
  5405 | D        | Found Gaaskoly's Jewellery Boutique.
  5405 | D        | Found Abodwao's Magic Scroll Emporium.
  5415 | D        | Found Giwao's Antique Armour Shop.
  5419 | D        | Killed a nagaraja
  5419 | D        | Received a gift from Trog
  5420 | D        | Reached XP level 14. HP: 48/160 MP: 13/13
  5619 | D        | Bought a scroll of identify for 20 gold pieces
  5704 | D        | Got a serpentine rune of Zot
  5909 | D        | Received a gift from Trog
  6343 | D        | Found a blossoming altar of Fedhas.
  6349 | D        | Reached skill level 27 in Axes
  6360 | D        | Received a gift from Trog
  6378 | D        | Noticed a ghost moth
  6384 | D        | Killed a ghost moth
  6747 | D        | Noticed a ghost moth
  6755 | D        | Killed a ghost moth
  6755 | D        | Identified the +9 battleaxe "Naghuaf" {vorpal, Fragile
                  | +Blink rElec rC++} (Trog gifted it to you in the Dungeon)
  6755 | D        | Received a gift from Trog
  6768 | D        | Found Ehagg's Antique Armour Emporium.
  6768 | D        | Found Caevurr's Magic Scroll Shop.
  6768 | D        | Found Qeplenak's Book Shoppe.
  6782 | D        | Bought a scroll of acquirement for 728 gold pieces
  6783 | D        | Bought a fine cloak for 218 gold pieces
  6783 | D        | Identified the +2 cloak of Philately {Will- Regen+ Dex+6}
                  | (You bought it in a shop in the Dungeon)
  6949 | D        | Got a decaying rune of Zot
  7436 | D        | Noticed Azrael
  7440 | D        | Killed Azrael
  7441 | D        | Reached skill level 10 in Shields
  7881 | D        | Noticed a sphinx
  7881 | D        | Noticed a sphinx
  7886 | D        | Killed a sphinx
  7896 | D        | Killed a sphinx
  7896 | D        | Received a gift from Trog
  8049 | D        | Acquired the +3 pair of gauntlets of War {Slay+5}
  8049 | D        | Found the +3 pair of gauntlets of War {Slay+5}
  8083 | D        | Received a gift from Trog
  8084 | D        | Reached skill level 27 in Fighting
  8305 | D        | Acquired 802 gold pieces
  8309 | D        | Acquired the +1 pair of boots of Purpose {rPois rF+ rC++
                  | Str+4}
  8433 | D        | Noticed Chuck
  8441 | D        | Killed Chuck
  8516 | D        | Noticed Frederick
  8524 | D        | Killed Frederick
  8524 | D        | Received a gift from Trog
  8573 | D        | Noticed a lich
  8576 | D        | Killed a lich
  8588 | D        | Noticed a shadow dragon
  8588 | D        | Noticed a shadow dragon
  8592 | D        | Received a gift from Trog
  8597 | D        | Killed a shadow dragon
  8601 | D        | Killed a shadow dragon
  8672 | D        | Received a gift from Trog
  8766 | D        | Noticed a fire giant
  8766 | D        | Noticed a fire giant
  8766 | D        | Noticed a stone giant
  8766 | D        | Noticed a shadow dragon
  8766 | D        | Noticed a stone giant
  8766 | D        | Noticed a frost giant
  8766 | D        | Noticed a quicksilver dragon
  8772 | D        | Reached XP level 15. HP: 174/174 MP: 14/14
  8779 | D        | Reached skill level 15 in Shields
  8781 | D        | Received a gift from Trog
  8784 | D        | Received a gift from Trog
  8785 | D        | Killed a fire giant
  8786 | D        | Killed a fire giant
  8786 | D        | Received a gift from Trog
  8786 | D        | Killed a quicksilver dragon
  8787 | D        | Received a gift from Trog
  8788 | D        | Noticed a titan
  8789 | D        | Killed a frost giant
  8791 | D        | Killed a shadow dragon
  8794 | D        | Reached skill level 27 in Armour
  8798 | D        | Received a gift from Trog
  8804 | D        | Killed a titan
  8809 | D        | Received a gift from Trog
  8839 | D        | Got a silver rune of Zot
  8846 | D        | Identified the +8 hand axe of Wamej {vorpal, Str+4 SInv}
  8917 | D        | Acquired 837 gold pieces
  9040 | D        | Noticed Boris
  9048 | D        | Received a gift from Trog
  9053 | D        | Killed Boris
  9054 | D        | Reached skill level 10 in Evocations
  9057 | D        | Received a gift from Trog
  9143 | D        | Found Abet's Distillery.
  9143 | D        | Found Amiatrel's Armour Shop.
  9143 | D        | Found Pimaut's Distillery.
  9143 | D        | Found Gomnichoboc's Armour Shoppe.
  9231 | D        | Bought a potion of curing for 42 gold pieces
  9231 | D        | Bought a potion of curing for 42 gold pieces
  9231 | D        | Bought a potion of curing for 42 gold pieces
  9234 | D        | Bought a potion of curing for 33 gold pieces
  9234 | D        | Bought 2 potions of heal wounds for 110 gold pieces
  9234 | D        | Bought 2 potions of mutation for 176 gold pieces
  9236 | D        | Noticed Roxanne
  9248 | D        | Killed Roxanne
  9248 | D        | Received a gift from Trog
  9407 | D        | Received a gift from Trog
  9427 | D        | Found Cihi's Armour Boutique.
  9443 | D        | Received a gift from Trog
  9448 | D        | Received a gift from Trog
  9461 | D        | Noticed an Executioner
  9464 | D        | Killed an Executioner
  9480 | D        | Noticed Nessos
  9489 | D        | Killed Nessos
  9489 | D        | Received a gift from Trog
  9490 | D        | Reached XP level 16. HP: 183/183 MP: 15/15
  9622 | D        | Noticed a deep elf blademaster
  9623 | D        | Noticed a deep elf blademaster
  9631 | D        | Killed a deep elf blademaster
  9631 | D        | Received a gift from Trog
  9638 | D        | Killed a deep elf blademaster
  9712 | D        | Noticed a Killer Klown
  9733 | D        | Killed a Killer Klown
  9734 | D        | Reached skill level 27 in Shields
  9777 | D        | Noticed an Orb Guardian
  9777 | D        | Noticed an Orb Guardian
  9780 | D        | Killed an Orb Guardian
  9785 | D        | Killed an Orb Guardian
  9790 | D        | Received a gift from Trog
  9841 | D        | Noticed an ancient lich
  9846 | D        | Killed an ancient lich
  9846 | D        | Received a gift from Trog
  9847 | D        | Reached skill level 15 in Dodging
  9847 | D        | Reached skill level 15 in Evocations
 10164 | D        | Upgraded the game from 0.29-a0-506-ga2e7fffb44 to
                  | 0.29-a0-512-gf59ac788ac
 10239 | D        | Noticed a deep elf master archer
 10241 | D        | Killed a deep elf master archer
 10251 | D        | Identified the +6 broad axe "Qaejoz" {flame, rC+} (Trog
                  | gifted it to you in the Dungeon)
 10251 | D        | Received a gift from Trog
 10429 | D        | Identified the ring of the Flying Jester {Will+ MP+9 Dex+6}
 10559 | D        | Noticed Nellie
 10573 | D        | Killed Nellie
 10581 | D        | Got a demonic rune of Zot
 10661 | D        | Bought a potion of resistance for 100 gold pieces
 10692 | D        | Noticed Mara
 10696 | D        | Noticed mhtbhm's illusion
 10698 | D        | Killed Mara
 10706 | D        | Received a gift from Trog
 10707 | D        | Reached skill level 10 in Stealth
 10776 | D        | Noticed an ancient champion
 10779 | D        | Killed an ancient champion
 10811 | D        | Received a gift from Trog
 10936 | D        | Noticed a storm dragon
 10937 | D        | Received a gift from Trog
 10959 | D        | Noticed Nikola
 10963 | D        | Killed a storm dragon
 10969 | D        | Killed Nikola
 11051 | D        | Noticed Geryon
 11056 | D        | Received a gift from Trog
 11059 | D        | Received a gift from Trog
 11077 | D        | Killed Geryon
 11245 | D        | Noticed an iron giant
 11251 | D        | Killed an iron giant
 11251 | D        | Received a gift from Trog
 11254 | D        | Reached skill level 5 in Throwing
 11256 | D        | Received a gift from Trog
 11329 | D        | Reached XP level 17. HP: 145/191 MP: 16/16
 11389 | D        | Received a gift from Trog
 11402 | D        | Noticed a Hell Sentinel
 11408 | D        | Killed a Hell Sentinel
 11418 | D        | Identified the +1 pair of boots of the King of the Hill
                  | {*Corrode rF+ SInv}
 11473 | D        | Received a gift from Trog
 11480 | D        | Received a gift from Trog
 11491 | D        | Noticed Gloorx Vloq
 11491 | D        | Noticed a royal mummy
 11500 | D        | Killed a royal mummy
 11512 | D        | Killed Gloorx Vloq
 11512 | D        | Received a gift from Trog
 11633 | D        | Received a gift from Trog
 11638 | D        | Noticed a royal mummy
 11652 | D        | Killed a royal mummy
 11757 | D        | Noticed a royal mummy
 11758 | D        | Noticed an Orb Guardian
 11763 | D        | Noticed an Orb Guardian
 11763 | D        | Noticed an Orb Guardian
 11763 | D        | Noticed an Orb Guardian
 11767 | D        | Killed a royal mummy
 11767 | D        | Received a gift from Trog
 11769 | D        | Noticed an Orb Guardian
 11783 | D        | Received a gift from Trog
 11895 | D        | Noticed Khufu
 11901 | D        | Noticed a royal mummy
 11918 | D        | Received a gift from Trog
 12220 | D        | Noticed a royal mummy
 12224 | D        | Received a gift from Trog
 12240 | D        | Killed a royal mummy
 12245 | D        | Killed a royal mummy
 12245 | D        | Received a gift from Trog
 12246 | D        | Reached skill level 27 in Evocations
 12253 | D        | Killed Khufu
 12254 | D        | Reached skill level 15 in Stealth
 12517 | D        | Got a bone rune of Zot
 12599 | D        | Noticed an Ice Fiend
 12605 | D        | Killed an Ice Fiend
 12621 | D        | Noticed an Ice Fiend
 12626 | D        | Killed an Ice Fiend
 12640 | D        | Noticed an Ice Fiend
 12648 | D        | Killed an Ice Fiend
 12648 | D        | Received a gift from Trog
 12662 | D        | Noticed Antaeus
 12707 | D        | Killed Antaeus
 12751 | D        | Got an icy rune of Zot
 12816 | D        | Noticed an Ice Fiend
 12823 | D        | Killed an Ice Fiend
 12941 | D        | Noticed an Ice Fiend
 12943 | D        | Killed an Ice Fiend
 13014 | D        | Noticed a Hell Sentinel
 13014 | D        | Found the +4 staff of Dispater
 13014 | D        | Noticed Dispater
 13015 | D        | Noticed a Hell Sentinel
 13016 | D        | Noticed a Hell Sentinel
 13026 | D        | Killed a Hell Sentinel
 13027 | D        | Noticed a Hell Sentinel
 13029 | D        | Killed a Hell Sentinel
 13044 | D        | Killed Dispater
 13044 | D        | Received a gift from Trog
 13170 | D        | Identified the +1 leather armour "Qiecvibloi" {rF+ rC- rN+}
 13173 | D        | Got an iron rune of Zot
 13175 | D        | Identified the ring "Hacvuxt" {rPois MP+9 Int-5 Dex+8}
 13231 | D        | Noticed the Serpent of Hell
 13245 | D        | Noticed a Brimstone Fiend
 13248 | D        | Killed the Serpent of Hell
 13249 | D        | Reached XP level 18. HP: 200/200 MP: 17/17
 13252 | D        | Killed a Brimstone Fiend
 13343 | D        | Received a gift from Trog
 13567 | D        | Identified the +1 leather armour of Howling Wind {rN+ Int+4
                  | Dex-2}
 13573 | D        | Got an obsidian rune of Zot
 13623 | D        | Bought 2 potions of curing for 66 gold pieces
 13793 | D        | Bought a scroll of brand weapon for 280 gold pieces
 13793 | D        | Bought a scroll of enchant weapon for 105 gold pieces
 14116 | D        | Received a gift from Trog
 15007 | D        | Noticed the Royal Jelly
 15011 | D        | Found a viscous altar of Jiyva.
 15023 | D        | Identified the +1 scythe "Suudadu" {elec, rPois}
 15030 | D        | Killed the Royal Jelly
 15030 | D        | Received a gift from Trog
 15051 | D        | Got a slimy rune of Zot
 15348 | D        | Received a gift from Trog
 15353 | D        | Noticed a royal mummy
 15356 | D        | Received a gift from Trog
 15364 | D        | Noticed a royal mummy
 15588 | D        | Killed a royal mummy
 15601 | D        | Killed a royal mummy
 15639 | D        | Got a golden rune of Zot
 15671 | D        | Acquired the +3 pair of gloves of the Delicate God {rElec
                  | Str+4 Dex+4}
 15675 | D        | Acquired 426 gold pieces
 15679 | D        | Acquired 845 gold pieces
 15683 | D        | Acquired 654 gold pieces
 15687 | D        | Acquired the amulet "Ymuleul" {rElec Regen+ Slay+2}
 15884 | D        | Noticed Mennas
 15903 | D        | Killed Mennas
 16215 | D        | Noticed an electric golem
 16226 | D        | Killed an electric golem
 16245 | D        | Reached skill level 5 in Polearms
 16284 | D        | Found the +4 dragonskin cloak
 16284 | D        | Noticed Tiamat
 16297 | D        | Killed Tiamat
 16398 | D        | Noticed an orb of fire
 16405 | D        | Paralysed by a floating eye for 3 turns
 16412 | D        | Killed an orb of fire
 16412 | D        | Received a gift from Trog
 16412 | D        | Paralysed by a floating eye for 2 turns
 16425 | D        | Gained mutation: You frequently scream uncontrollably at
                  | your foes. [mutagenic glow]
 16433 | D        | Gained mutation: You are frail. (-10% HP) [mutagenic glow]
 16604 | D        | Lost mutation: You are frail. (-10% HP) [potion of
                  | mutation]
 16604 | D        | Lost mutation: You are strong-willed. (Will+) [potion of
                  | mutation]
 16604 | D        | Gained mutation: You expend magic power (3 MP) to
                  | strengthen your wands. [potion of mutation]
 16604 | D        | Gained mutation: You have sharp toenails. [potion of
                  | mutation]
 16622 | D        | Paralysed by a floating eye for 3 turns
 16633 | D        | Gained mutation: Your magical capacity is low. (-10% MP)
                  | [mutagenic glow]
 16637 | D        | Got the Orb of Zot
 16650 | D        | Gained mutation: You sometimes lose the ability to read
                  | scrolls when taking damage. [mutagenic glow]
 16660 | D        | Gained mutation: Armour fits poorly on your strangely
                  | shaped body. [mutagenic glow]
 16672 | D        | Gained mutation: You are frail. (-10% HP) [mutagenic glow]
 16683 | D        | Gained mutation: Your body sometimes deteriorates upon
                  | taking damage. [mutagenic glow]
 16684 | D        | Noticed Semmoi the pandemonium lord
 16713 | D        | Gained mutation: Your movements are slightly less
                  | encumbered by armour. (ER -2) [mutagenic glow]
 16743 | D        | Lost mutation: Your muscles are strong. (Str +2) [mutagenic
                  | glow]
 16745 | D        | Noticed an Orb Guardian
 16756 | D        | Gained mutation: You are very frail. (-20% HP) [mutagenic
                  | glow]
 16775 | D        | Noticed an Orb Guardian
 16816 | D        | Gained mutation: Your magical capacity is very low. (-20%
                  | MP) [mutagenic glow]
 16824 | D        | Lost mutation: Your body sometimes deteriorates upon taking
                  | damage. [potion of mutation]
 16824 | D        | Lost mutation: You are very frail. (-20% HP) [potion of
                  | mutation]
 16824 | D        | Lost mutation: You have sharp toenails. [potion of
                  | mutation]
 16824 | D        | Lost mutation: You expend magic power (3 MP) to strengthen
                  | your wands. [potion of mutation]
 16888 | D        | Lost mutation: Your magical capacity is very low. (-20% MP)
                  | [potion of mutation]
 16888 | D        | Lost mutation: Your movements are slightly less encumbered
                  | by armour. (ER -2) [potion of mutation]
 16888 | D        | Lost mutation: Armour fits poorly on your strangely shaped
                  | body. [potion of mutation]
 16889 | D        | Lost mutation: Your magical capacity is low. (-10% MP)
                  | [potion of mutation]
 16889 | D        | Lost mutation: You sometimes lose the ability to read
                  | scrolls when taking damage. [potion of mutation]
 16889 | D        | Gained mutation: You have hidden genetic potential. [potion
                  | of mutation]
 16889 | D        | Gained mutation: You possess an exceptional clarity of
                  | mind. [potion of mutation]
 16893 | D        | Noticed a Hell Sentinel
 16905 | D        | Killed a Hell Sentinel
 16906 | D        | Reached skill level 10 in Polearms
 16953 | D        | Noticed an Orb Guardian
 16956 | D        | Killed an Orb Guardian
 16967 | D        | Escaped with the Orb!

Illustrated notes

Levels and vault maps discovered:
D:        dungeon_sprint_mu [sprint_mu_entry_cave, sprint_mu_temple_rooms,
          sprint_mu_d1_horrors, sprint_mu_d2_genie, sprint_mu_d3_branching,
          sprint_mu_orc_legion, sprint_mu_elf_gauntlet, sprint_mu_hive_nellie,
          sprint_mu_lair_fedhas, sprint_mu_vaults_butterflies,
          sprint_mu_slime_circle, sprint_mu_swamp_cave, sprint_mu_snake_twists,
          sprint_mu_blade_basic, sprint_mu_crypt_fortress,
          sprint_mu_tomb_spiral, sprint_mu_vestibule_basic,
          sprint_mu_gehenna_hellfire, sprint_mu_dis_giant,
          sprint_mu_tartarus_statrot, sprint_mu_cocytus_islands, sprint_mu_zot1]

Skill      XL: |  1  2  3  4  5  6  7  8  9 10 11 12 13 14 15 16 17 18 |
---------------+-------------------------------------------------------+-----
Fighting       | 4 7 8 11 12 14 16 17 19 21 24 27 | 27.0
Axes           | 4 7 8 12 13 15 17 19 22 24 26 27 | 27.0
Armour         | 4 6 7 9 11 13 14 17 19 25 27 | 27.0
Dodging        | 3 4 5 6 7 8 9 11 12 13 17 24 26 | 26.7
Stealth        | 1 3 4 6 7 8 12 18 21 | 21.5
Evocations     | 1 4 5 11 24 27 | 27.0
Shields        | 2 7 14 25 27 | 27.0
Throwing       | 2 3 5 12 22 | 22.1
Polearms       | 10 | 10.9

Action                   |  1- 3 |  4- 6 |  7- 9 | 10-12 | 13-15 | 16-18 || total
-------------------------+-------+-------+-------+-------+-------+-------++-------
Melee: Hand axe          |    21 |    21 |    52 |       |       |       ||    94
       Headbutt          |     2 |     3 |    15 |    39 |    99 |   168 ||   326
       Punch             |     1 |       |     1 |     1 |       |       ||     3
       Battleaxe         |       |       |    28 |    38 |       |       ||    66
       Broad axe         |       |       |       |   163 |   358 |   542 ||  1063
       Executioner's axe |       |       |       |       |    14 |       ||    14
       Unarmed           |       |       |       |       |       |     1 ||     1
Throw: Dart              |       |       |       |       |     3 |     6 ||     9
       Boomerang         |       |       |       |       |       |    38 ||    38
       Javelin           |       |       |       |       |       |     4 ||     4
Invok: Berserk           |     2 |     1 |     4 |    10 |     9 |    16 ||    42
       Brothers in Arms  |       |       |       |     1 |       |     9 ||    10
       Trog's Hand       |       |       |       |       |       |     2 ||     2
Evoke: Lightning rod     |       |       |     1 |    12 |    16 |     6 ||    35
       Wand              |       |       |       |       |       |     6 ||     6
       Condenser vane    |       |       |       |       |       |     4 ||     4
       Phantom mirror    |       |       |       |       |       |     1 ||     1
  Use: Potion            |     1 |       |     1 |     2 |     2 |    28 ||    34
       Scroll            |       |       |       |     4 |     8 |    23 ||    35
 Stab: Sleeping          |     1 |       |       |     3 |       |     1 ||     5
       Distracted        |       |       |       |       |       |     4 ||     4
Armor: Leather armour    |     4 |     2 |       |       |       |       ||     6
       Animal skin       |     1 |       |       |       |       |       ||     1
       Chain mail        |       |       |     9 |       |       |       ||     9
       Troll leather arm |       |       |    15 |     7 |       |       ||    22
       Plate armour      |       |       |       |    41 |   157 |   138 ||   336
Dodge: Dodged            |     9 |     4 |    24 |    77 |   144 |   214 ||   472
Block: Buckler           |       |       |       |    11 |    67 |       ||    78
       Tower shield      |       |       |       |       |   143 |   447 ||   590
       Reflection        |       |       |       |       |    11 |    17 ||    28

Table legend: (Time is in decaauts) A = Elapsed time spent in this place. B = Non-inter-level travel time spent in this place. C = Inter-level travel time spent in this place. D = Time resting spent in this place. E = Time spent auto-exploring this place. F = Levels seen in this place. G = Mean time per level. A B C D E F G +--------+--------+--------+--------+--------+-----+--------+ Total | 16898 | 16447 | 451 | 10022 | 22 | 1 | 16898.0 | Dungeon | 16898 | 16447 | 451 | 10022 | 22 | 1 | 16898.0 | +--------+--------+--------+--------+--------+-----+--------+

Top non-repeatable levels by time:
       D: 16898 daAuts
